 Dungeon Crawl Stone Soup version 0.28-a0-724-g66f9036eb4 (webtiles) character file.

Game seed: 3897539284456571575

2326 jasper the Poker (level 9, 0/69 HPs)
             Began as a Demonspawn Artificer on Oct 27, 2021.
             Slain by a vampire mosquito (9 damage)
             ... on level 10 of the Dungeon.
             The game lasted 00:17:40 (9201 turns).

jasper the Poker (Demonspawn Artificer)             Turns: 9201, Time: 00:17:40

Health: 0/69       AC:  4    Str: 16    XL:     9   Next: 19%
Magic:  0/9        EV: 12    Int: 12    God:
Gold:   312        SH:  0    Dex: 14    Spells: 8/8 levels left

rFire   . . .      SeeInvis .   q - +1 trident
rCold   . . .      Faith    .   (no shield)
rNeg    . . .      Spirit   +   h - +0 troll leather armour
rPois   .          Reflect  .   (no helmet)
rElec   .          Harm     .   (no cloak)
rCorr   .          Rampage  .   (no gloves)
Will    .....                   (no boots)
Stlth   +.........              n - amulet of magic regeneration
HPRegen 1.21/turn               (no ring)
MPRegen 0.47/turn               (no ring)

@: no status effects
A: magic shield, magic regeneration, weakness stinger 2
a: no special abilities


You were on level 10 of the Dungeon.
You visited 1 branch of the dungeon, and saw 9 of its levels.

You collected 312 gold pieces.

Inventory:

Hand Weapons
 a - a +0 club
 c - a +0 short sword of speed
 g - a +0 spear
 i - a +3 dire flail
 o - a +2 flail of holy wrath
 q - a +1 trident (weapon)
Missiles
 f - 91 stones
 j - 2 javelins
 r - 3 poisoned darts (quivered)
Armour
 b - a +0 leather armour
 h - a +0 troll leather armour (worn)
 l - a +0 ring mail
 m - a +0 chain mail
Jewellery
 n - an amulet of magic regeneration (around neck)
 s - a ring of fire
Wands
 t - a wand of polymorph (8)
Scrolls
 d - a scroll of identify
Miscellaneous
 e - a piece from Xom's chessboard (10/15)


   Skills:
 + Level 6.1 Fighting
 - Level 1.0 Maces & Flails
 * Level 7.8 Polearms
 - Level 5.1 Armour
 + Level 2.8 Dodging
 - Level 0.8 Stealth
 - Level 3.0 Evocations


You had 8 spell levels left.
You didn't know any spells.
Your spell library contained the following spells:

 Spells                   Type           Power      Damage    Failure   Level
 Animate Skeleton         Necr           0%         N/A       36%         1
 Apportation              Tloc           0%         N/A       36%         1
 Pain                     Necr           0%         1d4       36%         1
 Shock                    Conj/Air       0%         1d3       36%         1
 Summon Small Mammal      Summ           0%         N/A       36%         1
 Passwall                 Tmut/Erth      0%         N/A       52%         2
 Swiftness                Air            0%         N/A       75%         3
 Vampiric Draining        Necr           0%         2d6       75%         3
 Airstrike                Air            0%         N/A       98%         4
 Olgreb's Toxic Radiance  Pois           0%         N/A       98%         4
 Alistair's Intoxication  Tmut/Pois      0%         N/A       100%        5
 Iskenderun's Battlesphe  Conj           0%         2d6       100%        5
 Invisibility             Hex            0%         N/A       100%        6
 Iron Shot                Conj/Erth      0%         9d1       100%        6
 Ozocubu's Refrigeration  Ice            0%         4d5       100%        7
 Spellforged Servitor     Conj/Summ      0%         N/A       100%        7
 Storm Form               Tmut/Air       0%         N/A       100%        7
 Ignition                 Fire           0%         3d3       100%        8


Dungeon Overview and Level Annotations

Branches:
Dungeon (10/15)              Lair (0/6) D:10
 Temple: D:4-7          Orc: D:9-12

Altars:
Qazlal
Xom
Yredelemnul

Annotations:
D:6 Sigmund
D:7 Harold
D:9 2 runed translucent doors


Innate Abilities, Weirdness & Mutations

When hurt, damage is shared between your health and your magic reserves.
You regenerate magic rapidly.
You have a tail ending in a sharp stinger.


Message History

The vampire mosquito barely misses you. x2
The vampire mosquito barely misses you. x2
The vampire mosquito bites you!
The vampire mosquito draws strength from your injuries!
You take 6 damage, and have 30/69 hp.
You now have 5/9 mp.
The vampire mosquito bites you!
The vampire mosquito draws strength from your injuries!
The vampire mosquito bites you.
* * * LOW HITPOINT WARNING * * *
The vampire mosquito draws strength from your injuries!
You take 10 damage, and have 20/69 hp.
You now have 3/9 mp.
The vampire mosquito closely misses you.
You puncture the vampire mosquito!
Your tail-slap misses the vampire mosquito.
The vampire mosquito is moderately damaged.
The vampire mosquito bites you.
* * * LOW HITPOINT WARNING * * *
The vampire mosquito draws strength from your injuries!
The vampire mosquito bites you but does no damage.
The vampire mosquito bites you!
* * * LOW HITPOINT WARNING * * *
The vampire mosquito draws strength from your injuries!
The vampire mosquito bites you but does no damage.
You take 8 damage, and have 14/69 hp.
You now have 2/9 mp.
You puncture the vampire mosquito! You tail-slap the vampire mosquito.
The vampire mosquito is moderately damaged.
The vampire mosquito closely misses you. x3
The vampire mosquito barely misses you. The vampire mosquito bites you!
* * * LOW HITPOINT WARNING * * *
The vampire mosquito draws strength from your injuries!
You take 6 damage, and have 8/69 hp.
Okay, then.
Unknown command.
You don't have any unidentified items.
Unknown command.
You hit the vampire mosquito.
Your tail-slap misses the vampire mosquito.
The vampire mosquito is heavily damaged.
The vampire mosquito bites you!
You die...

... #.....#......#..#.. ...
#.....#......#..#..
#.....#......#..#..
###############<....#....###..#.#
#..........#..)..................
#..........#..)..................
#....###########..##########..###
.....†.........#..#.....#........
...............#@y#.....#...)....
##..##.........#yy####..#.#####..
....#................#....#......
....#................#....#......
######........#..#####..#.#####.#
...........#.........#.......#
#...........#.........#.......#
#...(.......#.........#....(..#
###############################


You could see 3 vampire mosquitoes.

Vanquished Creatures
  A two-headed ogre (D:10)
  A troll (D:10)
  A yak (D:10)
  A vampire mosquito (D:10)
  A necrophage (D:4)
  2 centaurs
  A black bear (D:7)
  A phantom (D:5)
  A bullfrog (D:7)
  Blork the orc (D:5)
  A scorpion (D:5)
  2 howler monkeys
  A centaur zombie (D:5)
  2 centaur skeletons
  A jelly (D:5)
  2 orc priests
  Natasha (twice) (D:4)
  3 iguanas
  2 orc wizards
  A hound zombie (D:5)
  2 gnolls (D:4)
  2 adders
  2 adder skeletons (D:4)
  2 dart slugs
  4 orcs
  11 bats
  8 endoplasms
  5 giant cockroaches
  5 goblins
  9 hobgoblins
  13 jackals (D:1)
  7 quokkas
  8 ball pythons
  2 frilled lizards (D:2)
  3 kobolds
  5 rats
116 creatures vanquished.

Vanquished Creatures (collateral kills)
  Natasha (D:4)
  An orc wizard (D:3)
  An orc (D:3)
  A kobold (D:3)
4 creatures vanquished.

Vanquished Creatures (others)
  A gnoll shaman (D:4)
  An adder (D:3)
  3 gnolls (D:4)
  2 orcs (D:3)
  2 fungi (D:4)
9 creatures vanquished.

Grand Total: 129 creatures vanquished

Notes
Turn   | Place    | Note
-------+----------+-------------------------------------------
     0 | D:1      | jasper the Demonspawn Artificer began the quest for the
                  | Orb.
     0 | D:1      | Reached XP level 1. HP: 15/15 MP: 1/1
   150 | D:1      | Gained mutation: You regenerate magic rapidly. [demonic
                  | ancestry]
   150 | D:1      | Reached XP level 2. HP: 21/21 MP: 2/2
   440 | D:1      | Reached skill level 1 in Polearms
   729 | D:1      | Reached XP level 3. HP: 22/27 MP: 3/3
  2689 | D:2      | Reached skill level 2 in Polearms
  2722 | D:2      | Reached XP level 4. HP: 33/33 MP: 4/4
  3340 | D:4      | Noticed Natasha
  3342 | D:4      | Killed Natasha
  3528 | D:4      | Noticed Natasha
  3534 | D:4      | Killed Natasha
  3535 | D:4      | Reached XP level 5. HP: 30/39 MP: 5/5
  3595 | D:4      | Reached skill level 3 in Polearms
  3817 | D:4      | Found a basalt altar of Yredelemnul.
  3954 | D:4      | Gained mutation: You have a small tail. [demonic ancestry]
  3954 | D:4      | Reached XP level 6. HP: 45/47 MP: 6/6
  4115 | D:4      | Noticed Natasha
  4132 | D:4      | Killed Natasha
  4445 | D:4      | Reached skill level 4 in Polearms
  4849 | D:5      | Entered Level 5 of the Dungeon
  4936 | D:5      | Noticed Blork the orc
  4949 | D:5      | Killed Blork the orc
  5166 | D:5      | HP: 1/48 [iguana (9)]
  5265 | D:4      | HP: 1/48 [iguana (9)]
  5689 | D:3      | Found a shimmering altar of Xom.
  5789 | D:3      | Reached XP level 7. HP: 52/53 MP: 7/7
  5850 | D:3      | Reached skill level 1 in Maces & Flails
  6163 | D:3      | Found a stormy altar of Qazlal.
  6245 | D:3      | Found a faded altar of an unknown god.
  6983 | D:5      | Reached skill level 5 in Polearms
  7314 | D:5      | Noticed Sigmund
  7583 | D:7      | Gained mutation: When hurt, damage is shared between your
                  | health and your magic reserves. [demonic ancestry]
  7583 | D:7      | Reached XP level 8. HP: 28/61 MP: 8/8
  7793 | D:7      | Noticed Harold
  7817 | D:7      | Got the Papyrus of Shape Shifting
  7869 | D:7      | Noticed Harold
  7869 | D:7      | Harold changed into Harold the moth of wrath
  8153 | D:7      | You fall into a shaft and drop 2 floors!
  8153 | D:9      | Noticed an ice dragon
  8153 | D:9      | Found a runed translucent door.
  8181 | D:9      | Noticed a fire dragon
  8181 | D:9      | Noticed an ice dragon
  8181 | D:9      | Found the +2 shield of Resistance {rF++ rC++ Will++}
  8187 | D:9      | Noticed a fire dragon
  8188 | D:9      | Found a runed translucent door.
  8256 | D:10     | Entered Level 10 of the Dungeon
  8432 | D:10     | Reached skill level 5 in Fighting
  8432 | D:10     | Reached skill level 6 in Polearms
  8483 | D:10     | Noticed a troll
  8521 | D:10     | Killed a troll
  8522 | D:10     | Reached skill level 5 in Armour
  8749 | D:10     | Reached skill level 1 in Dodging
  8897 | D:10     | Noticed a two-headed ogre
  9013 | D:10     | Killed a two-headed ogre
  9014 | D:10     | Reached skill level 7 in Polearms
  9014 | D:10     | Gained mutation: You have a tail ending in a sharp stinger.
                  | [demonic ancestry]
  9014 | D:10     | Reached XP level 9. HP: 16/69 MP: 3/9
  9068 | D:10     | Found a staircase to the Lair.
  9201 | D:10     | Slain by a vampire mosquito

Illustrated notes

Levels and vault maps discovered:
D:1:      minmay_arrival_wavy_path, layout_basic
D:2:      layout_basic
D:3:      layout_rooms, mainiacjoe_overflow_swirl,
          hellmonk_ecumenical_altar_inner_sanctum, kennysheep_pointless_box
D:4:      layout_basic, mainiacjoe_overflow_tiny_flanked, item_on_display_a,
          uniq_natasha
D:5:      layout_gridville, nicolae_ru_path_of_blood, uniq_blork_the_orc,
          uniq_sigmund
D:6:      layout_basic, mainiacjoe_overflow_catwalk,
          mainiacjoe_overflow_boulevard, minmay_temple_entry_from_below_a,
          nicolae_ossuary_entry_catacombs, corexii_corridor_pit
D:7:      layout_loops_cross, lemuel_round_altar, uniq_harold
D:9:      layout_roguey, tgw_kikubaaqudgha, serial_rivers,
          chequers_serial_rivers_micro_c, chequers_serial_rivers_micro_d,
          chequers_serial_rivers_micro_c, chequers_serial_rivers_large_a,
          chequers_serial_rivers_room_b, corexii_hall_statues_s,
          minmay_guarded_unrand_resistance, uniq_erolcha, uniq_joseph
D:10:     layout_grid_maze, lair_entry_dummy

Skill      XL: |  1  2  3  4  5  6  7  8 |
---------------+-------------------------+-----
Armour         | 2 3 4 5 |  5.1
Polearms       | 1 2 3 4 5 7 |  7.8
Fighting       | 2 3 4 6 |  6.1
Maces & Flails | 1 |  1.0
Dodging        | 2 |  2.8
Stealth        | |  0.8
Evocations     | |  3.0

Action                   |  1- 3 |  4- 6 |  7- 9 || total
-------------------------+-------+-------+-------++-------
Melee: Club              |     1 |       |       ||     1
       Spear             |   152 |   133 |       ||   285
       Trident           |       |    61 |   159 ||   220
       Tailslap          |       |    14 |    23 ||    37
Throw: Stone             |    69 |    35 |     1 ||   105
       Dart              |       |    18 |    18 ||    36
Evoke: Wand              |    19 |    23 |    30 ||    72
       Piece from Xom's  |       |     2 |    11 ||    13
  Use: Scroll            |     2 |     4 |     9 ||    15
       Potion            |       |     3 |     6 ||     9
 Stab: Confused          |       |       |     2 ||     2
Armor: Leather armour    |    40 |    30 |       ||    70
       Ring mail         |       |    34 |    53 ||    87
       Troll leather arm |       |       |    14 ||    14
Dodge: Dodged            |    97 |   116 |   113 ||   326

Table legend: (Time is in decaauts)
 A = Elapsed time spent in this place.
 B = Non-inter-level travel time spent in this place.
 C = Inter-level travel time spent in this place.
 D = Time resting spent in this place.
 E = Time spent auto-exploring this place.
 F = Levels seen in this place.
 G = Mean time per level.
                   A        B        C        D        E       F      G
               +--------+--------+--------+--------+--------+-----+--------+
         Total |   9231 |   8767 |    464 |   2274 |   4494 |   9 | 1025.7 |
       Dungeon |   9231 |   8767 |    464 |   2274 |   4494 |   9 | 1025.7 |
               +--------+--------+--------+--------+--------+-----+--------+

Top non-repeatable levels by time:
     D:4: 1827 daAuts
     D:1: 1787 daAuts
     D:3: 1363 daAuts
     D:2: 1236 daAuts
     D:5: 1188 daAuts
    D:10: 941 daAuts
     D:7: 746 daAuts
     D:9: 105 daAuts
     D:6: 34 daAuts
